 Dungeon Crawl Stone Soup version 0.28-a0-1152-g9c71ebef14 (webtiles) character file.

Game seed: 13127122624555674974

5 spaghetti the Sneak (level 1, -6/16 HPs)
             Began as an Octopode Delver on Dec 14, 2021.
             Killed from afar by Sigmund (8 damage)
             ... with a magic dart
             ... on level 6 of the Dungeon.
             The game lasted 00:00:17 (51 turns).

spaghetti the Sneak (Octopode Delver)                 Turns: 51, Time: 00:00:18

Health: -6/16      AC:  1    Str: 11    XL:     1   Next: 80%
Magic:  1/1        EV: 13    Int: 12    God:
Gold:   0          SH:  0    Dex: 13    Spells: 0/0 levels left

rFire   . . .      SeeInvis .   a - +0 short sword {short}
rCold   . . .      Faith    .   (no shield)
rNeg    . . .      Spirit   .   (helmet restricted)
rPois   .          Reflect  .   (no amulet)
rElec   .          Harm     .   (no ring)
rCorr   .          Rampage  .   (no ring)
Will    .....                   (no ring)
Stlth   ++++......              (no ring)
HPRegen 0.05/turn               (no ring)
MPRegen 0.07/turn               (no ring)
                                (no ring)
                                (no ring)

@: hasted, very quick
A: almost no armour, amphibious, 8 rings, camouflage 1, gelatinous body 1,
(nimble swimmer 1), tentacles
a: no special abilities


You were on level 6 of the Dungeon.
You visited 1 branch of the dungeon, and saw 2 of its levels.


Innate Abilities, Weirdness & Mutations

You cannot wear most types of armour.
You are amphibious.
You can wear up to eight rings at the same time.
Your skin changes colour to match your surroundings (Stealth+).
Your rubbery body absorbs attacks. (AC +1, EV +1)
((You are camouflaged near water. (Stealth+)))
You have tentacles for arms and can constrict up to eight enemies at once.


   Skills:
 - Level 3.0 Fighting
 - Level 2.0 Short Blades
 + Level 2.5 Dodging
 - Level 6.6 Stealth


You couldn't memorise any spells.
You didn't know any spells.
Your spell library was empty.

Inventory:

Hand Weapons
 a - a +0 short sword (weapon) {short}
Wands
 f - a wand of digging (3)
Scrolls
 b - a scroll of fog
 c - a scroll of magic mapping {!r}
 d - a scroll of fear

Dungeon Overview and Level Annotations

Branches:
Dungeon (6/15)
 Temple: D:4-7

Altars:

Annotations:
D:6 Sigmund

#...#
#...#
#...#
#...#
#...#
#...#
#!.@#
#..@#
#...#
#...#
##+##


You could see Sigmund.


Message History

🤖 Initializing magus.rc ...
Options error: Delay interrupt name "hungry" not recognised. (~/.crawlrc:4771) ✅ Successfully initialized magus.rc [v1.9.6] Welcome, spaghetti the Octopode Delver.
Everyone else who sought the Orb of Zot has failed.
Will you be different?
Press ? for a list of commands and other information.
Found a stone staircase leading down.
Unknown command.
g - a scroll labelled FOMICW OQUB
As you read the scroll labelled FOMICW OQUB, it crumbles to dust.
It is a scroll of identify.
You don't have any unidentified items.
You open the door.
There is an open door here.
You open the door.
An ufetubus comes into view.
Found a quarterstaff.
Found an escape hatch in the floor.
There is an open door here.
An ufetubus is nearby!
A phantom comes into view.
The helpless ufetubus fails to defend itself.
You puncture the ufetubus!
You kill the ufetubus!
A bullfrog skeleton comes into view.
You miss the phantom. Your squeeze misses the phantom. The phantom hits you!
Ouch! That really hurt!
* * * LOW HITPOINT WARNING * * *
😨 HP[-9]
You take 9 damage, and now have 7/16 hp.
MASSIVE DAMAGE!! (PAUSE) Unknown command. 😨 HP[+1]
There is an escape hatch in the floor here.
The phantom misses you.
You slide downwards.
The hatch slams shut behind you.
You hear the sound of rushing water.
There is an entrance to a sewer on this level.
Hurry and find it before the portal rusts away!
Sigmund shouts!
Unknown command.
Unknown command.
You feel yourself speed up. Sigmund barely misses you.
You hit Sigmund but do no damage. You grab Sigmund.
You constrict Sigmund, but do no damage.
You hit Sigmund.
You constrict Sigmund, but do no damage.
You hit Sigmund.
You constrict Sigmund, but do no damage.
Sigmund hits you with a +0 vorpal scythe.
* * * LOW HITPOINT WARNING * * *
x2 😱 HP[-6]
You take 6 damage, and now have 2/16 hp.
MASSIVE DAMAGE!! (PAUSE) Unknown command.
You hit Sigmund. You constrict Sigmund. You hit Sigmund but do no damage.
You constrict Sigmund. Sigmund casts a spell at you. The magic dart hits you!
Ouch! That really hurt!
You die...

Action                   || total
-------------------------++-------
Melee: Short sword       ||     7
       Constrict         ||     1
  Use: Scroll            ||     1
       Potion            ||     1
 Stab: Sleeping          ||     1
Dodge: Dodged            ||     2

Levels and vault maps discovered:
D:5:      layout_gridville, mainiacjoe_overflow_concentric_impassable,
          minmay_temple_entry_gardened_gates, kennysheep_generic_room_11
D:6:      layout_basic, lemuel_blue_sif_altar, gup_sewer_entry_bubbles,
          eino_small_chamber_without_monster, grunt_decor_one_mirror,
          grunt_ministairs_2, uniq_sigmund

Notes
Turn   | Place    | Note
-------+----------+-------------------------------------------
     0 | D:5      | spaghetti the Octopode Delver began the quest for the Orb.
     0 | D:5      | Reached XP level 1. HP: 16/16 MP: 1/1
     0 | D:5      | magus.rc [v1.9.6]
    30 | D:5      | Noticed a phantom
    45 | D:6      | Noticed Sigmund
    49 | D:6      | HP: 3/16 [Sigmund (5)]
    51 | D:6      | Killed from afar by Sigmund

Vanquished Creatures
  An ufetubus (D:5)
1 creature vanquished.

Table legend:
 A = Non-vault XP
 B = Vault XP
 C = Vault XP percentage of total XP
 D = Non-vault monster count
 E = Vault monster count
 F = Vault count percentage of total count
                 A         B        C        D         E       F
            +---------+---------+-------+---------+---------+-------
      Total |       8 |       0 |   0.0 |       1 |       0 |   0.0
            +---------+---------+-------+---------+---------+-------
        D:5 |       8 |       0 |   0.0 |       1 |       0 |   0.0
            +---------+---------+-------+---------+---------+-------

Illustrated notes

Table legend:
 A = Kills in this place as a percentage of kills in entire the game.
 B = Kills by you in this place as a percentage of kills by you in the entire game.
 C = Kills by friends in this place as a percentage of kills by friends in the entire game.
 D = Other kills in this place as a percentage of other kills in the entire game.
 E = Experience gained in this place as a percentage of experience gained in the entire game.
 F = Experience gained in this place divided by the number of levels of this place that you have seen.
                   A       B       C       D       E      F
               +-------+-------+-------+-------+-------+----------------------
         Total | 100.0 | 100.0 |   N/A |   N/A | 100.0 |   4.0
       Dungeon | 100.0 | 100.0 |   N/A |   N/A | 100.0 |   4.0
               +-------+-------+-------+-------+-------+----------------------

Table legend: (Time is in decaauts)
 A = Elapsed time spent in this place.
 B = Non-inter-level travel time spent in this place.
 C = Inter-level travel time spent in this place.
 D = Time resting spent in this place.
 E = Time spent auto-exploring this place.
 F = Levels seen in this place.
 G = Mean time per level.
                   A        B        C        D        E       F      G
               +--------+--------+--------+--------+--------+-----+--------+
         Total |     49 |     49 |      0 |      0 |     24 |   2 |   24.5 |
       Dungeon |     49 |     49 |      0 |      0 |     24 |   2 |   24.5 |
               +--------+--------+--------+--------+--------+-----+--------+

Top non-repeatable levels by time:
     D:5: 45 daAuts
     D:6: 4 daAuts
